Map: Ruins of Endion

Players

LiquidTLO (TLO) - Winner!

  • Race: Zerg Zerg
  • League: Grandmaster

Scandi

  • Race: Terran Terran
  • League: Grandmaster

VOD

Have the link to the VOD?

Description

Time

  • Played on: July 3, 2016, 7:32 a.m.
  • Length: 3:52
Show
View Real Time Build Order
Export as new Build Order

LiquidTLO Zerg - Winner!

Build Orders: Hatch First 

Get SALT Encoding   

  12  0:01  Drone  
  13  0:13  Overlord  
  13  0:18  Drone  
  14  0:31  Drone x2  
  16  0:36  Drone  
  17  0:52  Hatchery  
  17  0:55  Drone  
  17  0:59  Extractor, Drone  
  17  1:13  Spawning Pool  
  17  1:16  Drone  
  17  1:19  Drone  
  18  1:28  Drone  
  19  1:39  Overlord  
  19  1:50  Drone  
  20  2:00  Metabolic Boost, Queen  
  22  2:01  Zergling x2  
  22  2:04  Zergling x2  
  22  2:07  Queen  
  26  2:14  Drone  
  27  2:21  Drone  
  28  2:23  Drone  
  29  2:30  Drone  
  29  2:36  Queen  
  32  2:39  Extractor  
  32  2:40  Overlord  
  32  2:43  Drone x2  
  34  2:52  Drone  
  34  2:56  Drone  
  35  3:02  Hatchery  
  35  3:03  Zergling x2  
  35  3:06  Zergling x2  
  35  3:08  Zergling x2  
  35  3:11  Zergling x2  
  38  3:15  Zergling x2  
  38  3:16  Zergling x2  
  38  3:17  Zergling x2  
  41  3:20  Overlord  
  41  3:24  Overlord  
  41  3:28  Drone  
  41  3:29  Drone  
  43  3:40  Drone  
  44  3:42  Baneling Nest  
Show
View Real Time Build Order
Export as new Build Order

Scandi Terran 

Build Orders: Reaper Expand 

Get SALT Encoding   

  12  0:00  SCV  
  13  0:13  SCV  
  14  0:17  Supply Depot  
  14  0:25  SCV  
  15  0:39  SCV  
  15  0:41  Barracks  
  16  0:45  Refinery  
  16  0:51  SCV  
  17  1:03  SCV  
  18  1:15  SCV  
  19  1:28  Reaper, Orbital Command  
  20  1:40  Command Center  
  20  1:51  Barracks  
  20  1:54  SCV  
  21  2:00  Barracks Reactor  
  21  2:04  Supply Depot  
  22  2:08  SCV  
  22  2:15  Refinery  
  22  2:20  SCV  
  23  2:32  SCV  
  24  2:38  Factory, Marine x2  
  24  2:40  Barracks Tech Lab  
  25  2:58  Marine  
  25  2:59  Marine  
  25  3:00  Orbital Command  
  25  3:02  Marine  
  25  3:03  SCV  
  29  3:15  SCV  
  29  3:16  Marine x2  
  32  3:22  Starport, Marine  
  33  3:34  Marine, SCV x2  
  34  3:35  Factory Reactor  
Tags
 
Add a new tag
Caveats
  • Supply blocks, unpowered buildings, or Contaminate may cause inaccurate times.
  • Supply counts are checked every 10 seconds.